 Dungeon Crawl Stone Soup version 0.29.1-1-gd02db6906a (webtiles) character file.

Game seed: 1280715861047767746

9 xian the Sneak (level 2, -2/15 HPs)
             Began as a Kobold Enchanter on Oct 10, 2022.
             Frozen to death by an endoplasm (4 damage)
             ... on level 1 of the Dungeon.
             The game lasted 00:01:32 (600 turns).

xian the Sneak (Kobold Enchanter)                    Turns: 600, Time: 00:01:33

Health: -2/15      AC:  2    Str:  5    XL:     2   Next: 20%
Magic:  1/5        EV: 15    Int: 16    God:
Gold:   46         SH:  0    Dex: 15    Spells: 3/5 levels left

rFire   . . .      SeeInvis .   a - +1 dagger
rCold   . . .      Faith    .   (no shield)
rNeg    . . .      Spirit   .   b - +0 robe
rPois   .          Reflect  .   (no helmet)
rElec   .          Harm     .   (no cloak)
rCorr   .          Rampage  .   (no gloves)
Will    .....                   (no boots)
Stlth   ++++......              (no amulet)
HPRegen 0.05/turn               (no ring)
MPRegen 0.09/turn               (no ring)

@: very slightly contaminated
A: small, no large weapons, nightstalker 3
a: no special abilities


You were on level 1 of the Dungeon.
You visited 1 branch of the dungeon, and saw 1 of its levels.

You collected 46 gold pieces.

Inventory:

Hand Weapons
 a - a +1 dagger (weapon)
Armour
 b - a +0 robe (worn)
Scrolls
 d - 3 scrolls of blinking {unknown}
 e - a scroll of teleportation {unknown}
 f - a scroll of identify {unknown}
 g - a scroll of enchant armour {unknown}
Potions
 c - 2 potions of invisibility


   Skills:
 + Level 1.5 Short Blades
 + Level 2.4 Dodging
 + Level 4.4 Stealth
 + Level 2.2 Spellcasting
 + Level 3.2 Hexes


You had 3 spell levels left.
You knew the following spells:

 Your Spells              Type           Power      Damage    Failure   Level
a - Ensorcelled Hibernat  Hex/Ice        14%        N/A       16%         2

Your spell library contained the following spells:

 Spells                   Type           Power      Damage    Failure   Level
 Confusing Touch          Hex            12%        N/A       16%         3
 Tukima's Dance           Hex            12%        N/A       16%         3
 Dazzling Flash           Conj/Hex       14%        N/A       30%         3


Dungeon Overview and Level Annotations

Branches:
Dungeon (1/15)

Altars:


Innate Abilities, Weirdness & Mutations

You are small and have problems with some larger weapons.
You are completely attuned to the shadows.


Message History

You start memorising the spell.
You continue memorising. x2
You finish memorising.
Spell assigned to 'a'.
Unknown command.
Okay, then. 2 endoplasms come into view.
The endoplasm quivers.
Casting: Ensorcelled Hibernation (safe; 16% risk of failure)
Confirm with . or Enter, or press ? or * to list all spells.
Aiming: Ensorcelled Hibernation (safe; 16% risk of failure)
Press: ? - help, Shift-Dir - straight line, f - endoplasm
Aim: an endoplasm (chance to affect: 58%)
You miscast Ensorcelled Hibernation.
You are very lightly contaminated with residual magic.
Nothing appears to happen.
The endoplasm freezes you.
You are frozen.
Casting: Ensorcelled Hibernation (safe; 16% risk of failure)
Confirm with . or Enter, or press ? or * to list all spells.
Aiming: Ensorcelled Hibernation (safe; 16% risk of failure)
Press: ? - help, Shift-Dir - straight line, f/p - endoplasm
Aim: an endoplasm (chance to affect: 58%)
You miscast Ensorcelled Hibernation.
Nothing appears to happen.
The endoplasm quivers.
The endoplasm misses you.
Casting: Ensorcelled Hibernation (safe; 16% risk of failure)
Confirm with . or Enter, or press ? or * to list all spells.
You don't have enough magic to cast this spell.
Unknown command.
You barely miss the endoplasm. The endoplasm closely misses you.
You completely miss the endoplasm. The endoplasm hits you. x2
You hit the endoplasm.
The endoplasm is moderately wounded.
The endoplasm freezes you.
You are frozen.
* * * LOW HITPOINT WARNING * * *
The endoplasm closely misses you. The endoplasm attacks as you move away!
The endoplasm barely misses you. The endoplasm freezes you.
You are frozen.
You die...

.####.####.###.⌠.#
#.####...#
.####.####.###...#
####.##...###
..##...##...####.#
.........## #
⌠.##.⌠.##.⌠.# ##.#
#######..####
..##...##...###..#
#....##
.####.####.##...#######
#.##...
............).####....#
#.#####
##################....###
#.# # .....@.......###.#
# ##.###JJ#.....##.# #
......#..#.......#
..............#..####
.......###..#.#.....#
.................##.##
....$.........##.....#
##.##.......†.#..##### ..
#...........##


You could see 2 endoplasms.

Vanquished Creatures
  An endoplasm (D:1)
  2 goblins (D:1)
  A hobgoblin (D:1)
  A quokka (D:1)
  2 frilled lizards (D:1)
  A rat (D:1)
8 creatures vanquished.

Notes
Turn   | Place    | Note
-------+----------+-------------------------------------------
     0 | D:1      | xian the Kobold Enchanter began the quest for the Orb.
     0 | D:1      | Reached XP level 1. HP: 10/10 MP: 3/3
   406 | D:1      | Reached XP level 2. HP: 15/15 MP: 5/5
   541 | D:1      | Learned a level 2 spell: Ensorcelled Hibernation
   600 | D:1      | Frozen to death by an endoplasm

Illustrated notes

Levels and vault maps discovered:
D:1:      dpeg_arrival_chambers_temple_mockup, layout_rooms,
          hellmonk_ecumenical_altar_defaced_shrine,
          hangedman_decor_clover_reticule

Action                   || total
-------------------------++-------
Melee: Dagger            ||    17
 Stab: Sleeping          ||     5
Armor: Robe              ||     2
Dodge: Dodged            ||     7
